 Dungeon Crawl Stone Soup version 0.22-a0-612-gd2f0174 (webtiles) character file.

3558 Amnesiac the Eclecticist (level 9, 0/39 HPs)
             Began as a Spriggan Wizard on July 11, 2018.
             Was an Initiate of Gozag.
             Succumbed to a killer bee's poison
             ... on level 5 of the Dungeon.
             The game lasted 00:16:30 (8426 turns).

Amnesiac the Eclecticist (Spriggan Wizard)          Turns: 8426, Time: 00:16:31

Health: 0/39       AC:  3    Str:  3    XL:     9   Next: 83%
Magic:  16/30      EV: 18    Int: 22    God:    Gozag
Gold:   272        SH:  7    Dex: 18    Spells: 29/40 levels left

rFire    . . .     SeeInvis +   a - +1 dagger (venom)
rCold    . . .     Gourm    .   c - +2 buckler
rNeg     . . .     Faith    .   t - +0 robe
rPois    .         Spirit   .   v - +0 hat
rElec    .         Reflect  .   i - +0 cloak
rCorr    .         Harm     .   (gloves unavailable)
MR       +....                  (boots unavailable)
Stlth    +++.......             (no amulet)
HPRegen  0.13/turn              j - +3 ring of dexterity
MPRegen  0.22/turn              u - ring of stealth

@: lethally poisoned (0 -> -6), gold aura, very quick
A: very small, unfitting armour, see invisible, herbivore, speed 3, slow
metabolism 2
a: Potion Petition, Call Merchant, Bribe Branch, Renounce Religion


You were on level 5 of the Dungeon.
You worshipped Gozag.
Gozag was aware of your devotion.
You were not hungry.

You visited 1 branch of the dungeon, and saw 6 of its levels.

You collected 365 gold pieces.
You paid 93 gold pieces to Gozag.

Inventory:

Hand Weapons
 a - a +1 dagger of venom (weapon)
 b - a +2 dagger of draining
Armour
 c - a +2 buckler (worn)
 i - a +0 cloak (worn)
 t - a +0 robe (worn)
 v - a +0 hat (worn)
Jewellery
 j - a +3 ring of dexterity (left hand)
 l - a +4 ring of strength
 u - a ring of stealth (right hand)
Scrolls
 f - a scroll of amnesia {!r, unknown}
 g - 6 scrolls of teleportation {!r, unknown}
 k - 3 scrolls of remove curse {!r, unknown}
 n - 6 scrolls of identify {!r, unknown}
 o - 3 scrolls of fog {!r, unknown}
 p - 2 scrolls of random uselessness {!r, unknown}
 q - 3 scrolls of noise {!r, unknown}
 r - 2 scrolls of immolation {!r, unknown}
 y - a scroll of enchant armour {!r, unknown}
Potions
 e - a potion of mutation {!q, unknown}
 h - 3 potions of might {!q, unknown}
 m - 2 potions of brilliance {!q, unknown}
 s - a potion of invisibility {!q, unknown}
 w - a potion of degeneration {!q, unknown}
 x - a potion of agility {!q, unknown}
Comestibles
 d - 7 rations


   Skills:
 - Level 3.0 Dodging
 - Level 3.0 Stealth
 + Level 16.1 Spellcasting
 - Level 0.6 Conjurations
 - Level 0.7 Summonings
 - Level 1.5 Translocations


You had 29 spell levels left.
You knew the following spells:

 Your Spells              Type           Power        Failure   Level  Hunger
a - Magic Dart            Conj           ###.         4%          1    None
b - Call Imp              Summ           ###.....     6%          2    None
e - Mephitic Cloud        Conj/Pois/Air  ###.....     16%         3    None
s - Conjure Flame         Conj/Fire      ###.....     14%         3    None
v - Blink                 Tloc           N/A          4%          2    None

Your spell library contained the following spells:

 Spells                   Type           Power        Failure   Level  Hunger
 Slow                     Hex            ###.....     9%          2    None


Dungeon Overview and Level Annotations

Branches:
Dungeon (6/15)
 Temple: D:4-7

Altars:
Ashenzari
Cheibriados
Gozag
Hepliaklqana
Qazlal
Ru

Annotations:
D:5 1 runed door


Innate Abilities, Weirdness & Mutations

You are very small and have problems with some larger weapons.
You are too small for most types of armour.
You have supernaturally acute eyesight. (SInv)
You are a herbivore.
You cover ground extremely quickly.
You need to consume almost no food.


Message History

The killer bee is engulfed in noxious fumes.
The killer bee appears confused.
Your magical contamination has completely faded away.
You hit the killer bee but do no damage.
The killer bee is poisoned.
The killer bee is no longer distracted by gold.
The killer bee is engulfed in noxious fumes.
The killer bee appears confused.
The killer bee is engulfed in noxious fumes.
The killer bee appears confused.
The killer bee buzzes around in tight circles.
No reachable target in view!
No reachable target in view!
The killer bee is engulfed in noxious fumes.
The killer bee appears confused.
The killer bee stings itself.
The killer bee is engulfed in noxious fumes.
The killer bee appears confused.
You hit the killer bee.
The killer bee looks as sick as possible!
The killer bee is severely wounded.
You kill the killer bee!
The killer bee is engulfed in noxious fumes.
The killer bee appears confused.
The killer bee is distracted by the nearby gold.
The killer bee is engulfed in noxious fumes.
The killer bee appears confused.
You feel sick.
You see here 6 gold pieces.
You barely miss the killer bee.
The killer bee is lightly wounded.
The killer bee buzzes around in tight circles.
The killer bee is distracted by the nearby gold.
The killer bee buzzes angrily.
You hit the killer bee.
The killer bee is poisoned.
The killer bee is no longer distracted by gold.
The killer bee is moderately wounded.
The killer bee closely misses itself.
The killer bee closely misses you.
You see here 7 gold pieces.
You hit the killer bee but do no damage.
The killer bee looks as sick as possible!
The killer bee is heavily wounded.
You feel sick.
You are no longer poisoned.
You kill the killer bee!
The killer bee is no longer distracted by gold.
You see here 6 gold pieces.
There is an open gate here.
You closely miss the killer bee.
The killer bee is moderately wounded.
The killer bee is distracted by the nearby gold.
You hit the killer bee but do no damage.
The killer bee is poisoned.
The killer bee is no longer distracted by gold.
The killer bee is moderately wounded.
The killer bee stings you!
* * * LOW HITPOINT WARNING * * *
You are too injured to fight recklessly!
The killer bee seems less confused.
The killer bee stings you.
* * * LOW HITPOINT WARNING * * *
You are lethally poisoned!
The killer bee poisons you!
You die...
Your body crumbles into a pile of gold.

.# #<.# #..#.##..## #.##.#
.#####..#######..#.##..## #.##.#
...<.............#.##...# ##.##.#
######..#######.##.###..###...#.#
#..######...$.$............#
#.........###$###....#.....#
#.####..###.#$#.###...#.....
#.####.##...#$#...##.......#
##......#...@'''....#..#.##.#
#.....p.#....#.#....#.##.##.#
#.#####.#..y.#(#..$.#....##.# #.#
#.#...#####...#.#####.# #.#
#.##'##...##+##.......# #.#
#..##.......##..####### #.#
#...##.....##..## #>#
#....##...##...# #.#
##.#..#..$#....#


You could see a killer bee and a neutral freed slave (wandering).

Vanquished Creatures
  Pikel (D:5)
  The ghost of sking99 the Insei, a novice OpTm of Ru (D:5)
  5 soldier ants (D:5)
  3 water moccasins (D:5)
  A sky beast (D:5)
  3 ice beasts
  4 ogres
  2 centaurs (D:5)
  2 bullfrogs
  A scorpion (D:6)
  7 killer bees (D:5)
  2 crimson imps
  2 hounds
  2 centaur skeletons (D:5)
  3 orc wizards
  Jessica (D:2)
  Natasha (thrice) (D:4 D:3)
  10 worker ants
  A worker ant zombie (D:6)
  4 gnolls (D:4)
  9 adders
  A shadow imp (D:5)
  4 worms
  3 dart slugs
  2 leopard geckos
  4 orcs
  6 bats
  2 giant cockroaches (D:2)
  12 goblins
  9 hobgoblins
  5 jackals
  3 quokkas
  3 ball pythons
  4 frilled lizards
  5 kobolds
  A leopard gecko skeleton (D:5)
  4 rats
135 creatures vanquished.

Vanquished Creatures (collateral kills)
  An adder (D:2)
  2 worms
  A hobgoblin (D:2)
  A rat (D:2)
5 creatures vanquished.

Vanquished Creatures (others)
  A giant cockroach zombie (D:5)
1 creature vanquished.

Grand Total: 141 creatures vanquished

Notes
Turn   | Place    | Note
-------+----------+-------------------------------------------
     0 | D:1      | Amnesiac the Spriggan Wizard began the quest for the Orb.
     0 | D:1      | Reached XP level 1. HP: 9/9 MP: 6/6
   239 | D:2      | Reached XP level 2. HP: 7/13 MP: 2/8
   274 | D:2      | Learned a level 2 spell: Blink
   277 | D:2      | Learned a level 2 spell: Call Imp
   638 | D:2      | Found a shattered altar of Ashenzari.
   645 | D:2      | Reached skill level 5 in Spellcasting
   841 | D:2      | Reached XP level 3. HP: 16/16 MP: 0/11
   846 | D:2      | Learned a level 3 spell: Conjure Flame
   850 | D:2      | Learned a level 3 spell: Mephitic Cloud
   955 | D:2      | Found a snail-covered altar of Cheibriados.
   993 | D:2      | Noticed Jessica
  1407 | D:3      | Reached skill level 6 in Spellcasting
  1756 | D:3      | Reached XP level 4. HP: 19/21 MP: 1/13
  2624 | D:2      | Killed Jessica
  2667 | D:2      | Reached skill level 7 in Spellcasting
  3337 | D:2      | Reached XP level 5. HP: 24/24 MP: 15/15
  3593 | D:2      | Found a sacrificial altar of Ru.
  3846 | D:4      | Reached skill level 8 in Spellcasting
  3881 | D:4      | Noticed an ogre
  3915 | D:4      | Reached XP level 6. HP: 16/28 MP: 9/18
  3924 | D:4      | Reached skill level 9 in Spellcasting
  4426 | D:4      | Noticed Natasha
  4441 | D:4      | Killed Natasha
  4580 | D:4      | Noticed Natasha
  4603 | D:3      | Killed Natasha
  5278 | D:3      | Noticed Natasha
  5290 | D:3      | Killed Natasha
  5290 | D:3      | Reached XP level 7. HP: 24/32 MP: 21/21
  5375 | D:4      | Reached skill level 10 in Spellcasting
  5542 | D:4      | Found an opulent altar of Gozag.
  5633 | D:4      | Found a hazy altar of Hepliaklqana.
  6029 | D:5      | Entered Level 5 of the Dungeon
  6050 | D:5      | Noticed Pikel
  6388 | D:5      | Reached skill level 11 in Spellcasting
  6532 | D:5      | Found a runed door.
  6535 | D:5      | Found a runed gate.
  6544 | D:5      | Found a runed gate.
  6544 | D:5      | Found a runed gate.
  6575 | D:5      | Found a runed door.
  6575 | D:5      | Noticed sking99's ghost (novice OpTm)
  6584 | D:5      | Reached XP level 8. HP: 26/36 MP: 15/24
  6814 | D:5      | Killed sking99's ghost
  6814 | D:5      | Reached skill level 12 in Spellcasting
  6889 | D:5      | Found a stormy altar of Qazlal.
  7278 | D:5      | Reached skill level 13 in Spellcasting
  7338 | D:5      | Found a runed door.
  7352 | D:5      | Found the +9 staff of Olgreb {rPois}
  7549 | D:5      | Killed Pikel
  7549 | D:5      | Reached XP level 9. HP: 39/39 MP: 7/27
  7604 | D:5      | Reached skill level 14 in Spellcasting
  7984 | D:4      | Became a worshipper of Gozag Ym Sagoz the Greedy
  8071 | D:5      | Reached skill level 15 in Spellcasting
  8400 | D:5      | Reached skill level 16 in Spellcasting
  8425 | D:5      | HP: 1/39 [killer bee (1)]
  8426 | D:5      | Succumbed to a killer bee's poison

Vault maps used:
D:1:      eino_arrival_cavern_a, corexii_leaking_fountain
D:2:      lemuel_round_altar, evilmike_ruin_ashenzari,
          lemuel_coloured_pillars_altar, uniq_jessica
D:3:      serial_glass, glass_columns_c, glass_columns_c, minivault_14,
          roderic_lattice_a, corner_web_ring
D:4:      kennysheep_little_box, old_standard_altar, first_ration,
          minmay_ogre_servants, uniq_natasha
D:5:      grunt_qazlal_clouds, gammafunk_ghost_grave,
          minmay_guarded_unrand_staff_of_olgreb, uniq_pikel

Skill      XL: |  1  2  3  4  5  6  7  8  9 |
---------------+----------------------------+-----
Spellcasting   | 5 6 7 8 9 11 13 16 | 16.1
Dodging        | |  3.0
Stealth        | |  3.0
Conjurations   | |  0.6
Summonings     | |  0.7
Translocations | |  1.5

Action                   |  1- 3 |  4- 6 |  7- 9 || total
-------------------------+-------+-------+-------++-------
Melee: Mace              |    28 |    18 |       ||    46
       Dagger            |       |    59 |   308 ||   367
 Cast: Magic Dart        |    86 |    89 |    13 ||   188
       Call Imp          |     7 |     3 |     6 ||    16
       Mephitic Cloud    |     1 |     6 |    15 ||    22
       Conjure Flame     |       |       |    10 ||    10
 Stab: Sleeping          |     2 |     1 |    13 ||    16
       Confused          |       |     3 |     9 ||    12
  Eat: Ration            |       |     3 |       ||     3
Armor: Robe              |    17 |     8 |    21 ||    46
Dodge: Dodged            |    88 |    74 |   155 ||   317
Block: Buckler           |       |    17 |    83 ||   100

Table legend:
 A = Spawn XP
 B = Non-spawn XP
 C = Spawn XP percentage of total XP
 D = Spawn monster count
 E = Non-spawn monster count
 F = Spawn count percentage of total count
 G = Total turns spent on level
                    A         B        C        D         E        F      G
               +---------+---------+-------+---------+---------+-------+---------
         Total |       0 |    5084 |   0.0 |       0 |     140 |   0.0 |  8426
               +---------+---------+-------+---------+---------+-------+---------
           D:1 |       0 |      21 |   0.0 |       0 |      12 |   0.0 |   800
           D:2 |       0 |     135 |   0.0 |       0 |      30 |   0.0 |  1981
           D:3 |       0 |     127 |   0.0 |       0 |      17 |   0.0 |  1747
           D:4 |       0 |     679 |   0.0 |       0 |      29 |   0.0 |  1694
           D:5 |       0 |    3722 |   0.0 |       0 |      44 |   0.0 |  1675
           D:6 |       0 |     400 |   0.0 |       0 |       8 |   0.0 |   529
               +---------+---------+-------+---------+---------+-------+---------
